 Dungeon Crawl Stone Soup version 0.27-a0-169-gd3d0dda1a4 (webtiles) character file.

Game seed: 5663951303477849447

21 Maedhros the Sneak (level 2, 0/21 HPs)
             Began as an Octopode Delver on Jan 28, 2021.
             Slain by a water moccasin zombie (6 damage)
             ... on level 5 of the Dungeon.
             The game lasted 00:01:31 (177 turns).

Maedhros the Sneak (Octopode Delver)                 Turns: 177, Time: 00:01:32

Health: 0/21       AC:  1    Str: 11    XL:     2   Next: 83%
Magic:  2/2        EV: 13    Int: 12    God:
Gold:   16         SH:  0    Dex: 13    Spells: 1/1 levels left

rFire    . . .     SeeInvis .   a - +0 spear
rCold    . . .     Faith    .   (no shield)
rNeg     . . .     Spirit   .   (helmet restricted)
rPois    .         Reflect  .   (no amulet)
rElec    .         Harm     .   (no ring)
rCorr    .         Rampage  .   (no ring)
Will     .....                  (no ring)
Stlth    ++++......             (no ring)
HPRegen  0.07/turn              (no ring)
MPRegen  0.08/turn              (no ring)
                                (no ring)
                                (no ring)

@: hasted, very quick
A: almost no armour, stealthy swim, amphibious, 8 rings, constrict 8, camouflage
1, gelatinous body 1
a: no special abilities


You were on level 5 of the Dungeon.
You visited 1 branch of the dungeon, and saw 2 of its levels.

You collected 16 gold pieces.

Inventory:

Hand Weapons
 a - a +0 spear (weapon)
Wands
 f - a wand of digging (3)
Scrolls
 b - a scroll of fog
 c - a scroll of magic mapping
 d - a scroll of fear
 h - a scroll of remove curse {unknown}


   Skills:
 + Level 3.1 Fighting
 + Level 2.1 Polearms
 + Level 2.0 Dodging
 + Level 7.4 Stealth


You had one spell level left.
You didn't know any spells.
Your spell library was empty.

Dungeon Overview and Level Annotations

Branches:
Dungeon (5/15)
 Temple: D:4-7

Altars:
Nemelex Xobeh


Innate Abilities, Weirdness & Mutations

You cannot wear most types of armour.
You are very stealthy in the water. (Stealth+)
You are amphibious.
You can wear up to eight rings at the same time.
You can use your tentacles to constrict eight enemies at once.
Your skin changes colour to match your surroundings (Stealth+).
Your rubbery body absorbs attacks. (AC +1, EV +1)


Message History

The water moccasin zombie is heavily damaged.
A phantom comes into view.
Reach: a) +0 spear
Press: ? - help, Dir - move target, f/p - water moccasin zombie
Aim: a water moccasin zombie (heavily damaged)
You reach to attack!
You completely miss the water moccasin zombie.
The water moccasin zombie is heavily damaged.
Reach: a) +0 spear
Press: ? - help, Dir - move target, f/p - water moccasin zombie
Aim: a water moccasin zombie (heavily damaged)
You reach to attack!
You closely miss the water moccasin zombie.
The water moccasin zombie is heavily damaged.
You closely miss the water moccasin zombie.
You grab the water moccasin zombie. You squeeze the water moccasin zombie.
The water moccasin zombie is severely damaged.
You constrict the water moccasin zombie, but do no damage.
The water moccasin zombie bites you.
You die...

#.'.#.≈#.....)..).....#
#.#≈≈≈≈########..#.#..#
#.###### #..#.#..# #.....<#
#..#.#..# ##### #......#
#..#.#..# #...# #......#
#..#.#..# #...# #......#
#....#..# #...# #......#
##....#..# #...###.....@##
#.....#... #...........Z.#
#..(#.##.# #...########..####
#...#. #.#
##.#.............###...#.##.#
#.#.......#l..........#..#.#
#.#######W#..##.####..##.#.#
#.. .W?......#..............
#.. #####.##.#..#########..#
#..# .......................


You could see a water moccasin zombie and a leopard gecko.

Vanquished Creatures
  A shadow imp (D:5)
  5 orcs (D:5)
  A jackal (D:4)
  A ball python (D:5)
  A leopard gecko zombie (D:5)
9 creatures vanquished.

Notes
Turn   | Place    | Note
-------+----------+-------------------------------------------
     0 | D:5      | Maedhros the Octopode Delver began the quest for the Orb.
     0 | D:5      | Reached XP level 1. HP: 16/16 MP: 1/1
    29 | D:5      | Reached skill level 7 in Stealth
    29 | D:5      | Reached XP level 2. HP: 21/21 MP: 2/2
   105 | D:5      | Noticed a water moccasin
   122 | D:5      | Found a sparkling altar of Nemelex Xobeh.
   137 | D:5      | Noticed a scorpion
   168 | D:5      | Noticed a phantom
   177 | D:5      | Slain by a water moccasin zombie

Illustrated notes

Levels and vault maps discovered:
D:4:      cheibrodos_fertilizer, layout_rooms, minmay_temple_entry_ruins,
          gammafunk_ghost_gnarly_gnolls, uniq_menkaure
D:5:      layout_basic, nemelex_xobeh_ov_fountains_minmay,
          kennysheep_generic_room_14

Skill      XL: |  1 |
---------------+----+-----
Stealth        | 7 |  7.4
Fighting       | |  3.1
Polearms       | |  2.1
Dodging        | |  2.0

Action                   || total
-------------------------++-------
Melee: Spear             ||    34
       Constrict         ||     7
       Tentacles         ||     6
  Use: Potion            ||     2
 Stab: Sleeping          ||     2
Dodge: Dodged            ||     8

Table legend: (Time is in decaauts)
 A = Elapsed time spent in this place.
 B = Non-inter-level travel time spent in this place.
 C = Inter-level travel time spent in this place.
 D = Time resting spent in this place.
 E = Time spent auto-exploring this place.
 F = Levels seen in this place.
 G = Mean time per level.
                   A        B        C        D        E       F      G
               +--------+--------+--------+--------+--------+-----+--------+
         Total |    165 |    165 |      0 |      0 |      0 |   2 |   82.5 |
       Dungeon |    165 |    165 |      0 |      0 |      0 |   2 |   82.5 |
               +--------+--------+--------+--------+--------+-----+--------+

Top non-repeatable levels by time:
     D:5: 162 daAuts
     D:4: 3 daAuts
